 Dungeon Crawl Stone Soup version 0.23.2-1-ga50397a6bc (webtiles) character file.

Game seed: 10127298312399861907

524 Cykl0x the Skirmisher (level 7, -3/74 (78) HPs)
             Began as an Ogre Fighter on May 7, 2019.
             Slain by a gnoll
             ... wielding a +0 halberd
              (15 damage)
             ... on level 3 of the Dungeon.
             The game lasted 00:06:38 (2273 turns).

Cykl0x the Skirmisher (Ogre Fighter)                Turns: 2273, Time: 00:06:39

HP:   -3/74 (78)    AC:  3    Str: 23    XL:     7   Next: 22%
MP:   16/16         EV: 10    Int:  7    God:
Gold: 56            SH:  9    Dex:  8    Spells: 18/18 levels left

rFire    . . .     SeeInvis .   a - +0 war axe
rCold    . . .     Gourm    .   c - +0 shield
rNeg     . . .     Faith    .   b - +0 robe
rPois    .         Spirit   .   (helmet restricted)
rElec    .         Reflect  .   (no cloak)
rCorr    .         Harm     .   (gloves unavailable)
MR       .....                  (boots unavailable)
Stlth    +.........             (no amulet)
HPRegen  0.22/turn              (no ring)
MPRegen  0.15/turn              (no ring)

@: no status effects
A: large, unfitting armour, antennae 1, dopey 1, tough skin 1
a: no special abilities


You were on level 3 of the Dungeon.
You were not hungry.

You visited 1 branch of the dungeon, and saw 3 of its levels.

You collected 56 gold pieces.

Inventory:

Hand Weapons
 a - a +0 war axe (weapon)
Missiles
 h - 86 stones (quivered)
Armour
 b - a +0 robe (worn)
 c - a +0 shield (worn)
Jewellery
 g - an uncursed amulet of magic regeneration {unknown}
Scrolls
 e - 2 scrolls of magic mapping
 j - 2 scrolls of teleportation
Potions
 d - a potion of might
 m - a potion of curing {unknown}
Comestibles
 f - 5 rations
 n - 3 chunks of flesh


   Skills:
 + Level 7.5 Fighting
 + Level 5.8 Axes
 + Level 3.9 Throwing
 + Level 3.2 Armour
 + Level 5.4 Dodging
 + Level 0.6 Stealth
 + Level 5.2 Shields
 + Level 3.5 Unarmed Combat
 + Level 6.3 Spellcasting


You had 18 spell levels left.
You didn't know any spells.
Your spell library was empty.

Dungeon Overview and Level Annotations

Branches:
Dungeon (3/15)

Altars:
Fedhas


Innate Abilities, Weirdness & Mutations

You are too large for most types of armour.
You have tough skin. (AC +1)
You have a pair of small antennae on your head.
You are dopey. (Int -2)


Message History

You closely miss the gnoll.
The gnoll is almost dead.
You block the gnoll's attack.
You closely miss the gnoll.
The gnoll is almost dead.
You block the gnoll's attack.
You closely miss the gnoll.
The gnoll is almost dead.
The gnoll misses you.
You hit the gnoll but do no damage.
The gnoll is almost dead.
The gnoll hits you with a +0 halberd.
* * * LOW HITPOINT WARNING * * *
You closely miss the gnoll.
The gnoll is almost dead.
You block the gnoll's attack.
You closely miss the gnoll.
The gnoll is almost dead.
The gnoll hits you with a +0 halberd!
You die...

#.##.##.#.....#
#..####.# #...........#
#..####.# ####.##.#####
#....##.# #. #.#
#.##.##.# # #.#######
#.......# #.##.......#
####.####
#.....####.#######.#...
####..####.#.......#.##
#.g@).....######....
##.##.#.### #.... #..
.. #..## ###. ## #....
. #.... . ##..##
###..)## #.......
######.#...#.


You could see a gnoll.

Vanquished Creatures
  A necrophage (D:2)
  A crimson imp (D:2)
  An orc wizard (D:3)
  3 adders
  2 gnolls (D:3)
  4 oozes
  A dart slug (D:2)
  5 leopard geckos
  5 orcs (D:3)
  3 giant cockroaches
  2 goblins (D:2)
  6 hobgoblins
  5 jackals
  A quokka (D:2)
  4 bats
  4 frilled lizards
  6 kobolds
  5 rats
59 creatures vanquished.

Notes
Turn   | Place    | Note
-------+----------+-------------------------------------------
     0 | D:1      | Cykl0x the Ogre Fighter began the quest for the Orb.
     0 | D:1      | Reached XP level 1. HP: 24/24 MP: 1/1
    89 | D:1      | Reached XP level 2. HP: 27/32 MP: 2/2
   217 | D:1      | Reached XP level 3. HP: 27/40 MP: 3/3
   487 | D:2      | Found a blossoming altar of Fedhas.
   903 | D:2      | Noticed a necrophage
   918 | D:2      | Killed a necrophage
   918 | D:2      | Reached XP level 4. HP: 7/45 MP: 4/4
   918 | D:2      | Reached XP level 5. HP: 8/51 MP: 5/5
  1833 | D:3      | Reached XP level 6. HP: 7/61 MP: 6/6
  2215 | D:3      | Reached skill level 5 in Fighting
  2257 | D:3      | Gained mutation: You are dopey. (Int -2) [potion of
                  | mutation]
  2257 | D:3      | Gained mutation: You have a pair of small antennae on your
                  | head. [potion of mutation]
  2258 | D:3      | Reached skill level 7 in Fighting
  2258 | D:3      | Reached skill level 5 in Axes
  2258 | D:3      | Reached skill level 5 in Dodging
  2258 | D:3      | Reached skill level 5 in Shields
  2258 | D:3      | Reached XP level 7. HP: 11/74 MP: 6/16
  2273 | D:3      | Slain by a gnoll

Skill      XL: |  1  2  3  4  5  6 |
---------------+-------------------+-----
Dodging        | 3 5 |  5.4
Shields        | 3 5 |  5.2
Axes           | 3 5 |  5.8
Fighting       | 7 |  7.5
Throwing       | 3 |  3.9
Armour         | 3 |  3.2
Unarmed Combat | 3 |  3.5
Spellcasting   | 6 |  6.3
Stealth        | |  0.6

Action                   |  1- 3 |  4- 6 |  7- 9 || total
-------------------------+-------+-------+-------++-------
Melee: War axe           |   104 |   107 |    12 ||   223
Throw: Stone             |       |    22 |       ||    22
  Use: Scroll            |     2 |       |       ||     2
       Potion            |       |     2 |     1 ||     3
  Eat: Chunk             |       |     5 |       ||     5
Armor: Robe              |    27 |    14 |     1 ||    42
Dodge: Dodged            |    53 |    38 |     8 ||    99
Block: Shield            |    60 |    43 |     4 ||   107
